AoeStats
← [GN]mezdap

Pilgrims

509468345Analyzed
2v2 RM · 6d ago on Sep 26, 2026· 42m 45s· 4 players
Game mode
Random Map
Map size
Medium (4 player)
Population
200
Speed
Normal
Resources
Standard
Victory
Conquest
Starting age
Dark Age
Ending age
Imperial Age
RankedLock teamsTeams togetherTeam positionsShared explorationLock speedFull tech treeHidden civsTurbo modeCheats
Victory
Defeat
🇹🇷 Varangians · Türkiye
1420
+14
🇹🇷 Saxons · Türkiye
1387
+16
🇬🇧 Varangians · United Kingdom
1386
-15
🇬🇧 Saxons · United Kingdom
1384
-15
Bokvie
6:33 Loom
10:50 Feudal Age
11:31 Double-Bit Axe
13:01 Fishing Lines
17:59 Wheelbarrow
23:03 Castle Age
23:55 Scale Mail Armor
24:05 Forging
25:22 Man-at-Arms
25:48 Gambesons
26:03 Squires
27:29 Long Swordsman
29:11 Horse Collar
30:56 Chain Mail Armor
30:34 Arson
31:40 Forging
33:15 Iron Casting
36:12 Stone Mining
36:12 Gold Mining
38:09 Wheelbarrow
Adsoff
3:36 Loom
12:20 Feudal Age
13:19 Double-Bit Axe
13:34 Fishing Lines
16:08 Castle Age
14:05 Fletching
16:54 Gillnets
17:10 Husbandry
18:04 Bodkin Arrow
21:29 Clinker Construction
21:35 Bow Saw
23:13 Bloodlines
22:59 Gold Mining
25:06 Scale Barding Armor
25:11 Forging
27:50 Imperial Age
25:42 Bloodlines
26:21 Horse Collar
28:01 Cavalier
33:04 Chain Barding Armor
34:42 Wheelbarrow
36:27 Hand Cart
37:48 Two-Man Saw
39:04 Plate Barding Armor
41:11 Conscription
42:49 Iron Casting
[GN]mezdap
4:45 Loom
11:45 Feudal Age
12:20 Town Watch
13:01 Double-Bit Axe
15:03 Wheelbarrow
16:44 Fishing Lines
19:23 Castle Age
17:48 Horse Collar
21:26 Fletching
22:06 Medium Warships
22:55 Bodkin Arrow
26:26 Gillnets
30:17 Imperial Age
29:07 Pikeman
29:33 Arson
30:47 Scale Mail Armor
31:04 Man-at-Arms
31:29 Gambesons
33:03 Squires
33:17 Halberdier
33:18 Long Swordsman
35:00 Forging
36:52 Chain Mail Armor
38:13 Plate Mail Armor
38:19 Iron Casting
37:44 Two-Handed Swordsman
37:46 Elite Hearth Troop
39:20 Conscription
38:59 Shield Wall
41:20 Bow Saw
42:32 Bracer
[GN]LAZURİ
5:05 Loom
10:38 Feudal Age
14:43 Castle Age
12:40 Fletching
12:46 Fishing Lines
13:22 Double-Bit Axe
15:21 Bodkin Arrow
15:55 Bow Saw
17:41 Ballistics
24:14 Gillnets
28:01 Imperial Age
27:08 Wheelbarrow
28:17 Hand Cart
29:02 Bracer
29:26 Horse Collar
30:11 Scale Mail Armor
30:25 Town Watch
32:43 Scale Barding Armor
34:46 Chain Barding Armor
36:01 Chemistry
34:48 Elite Jarl
37:03 Plate Barding Armor
37:06 Vendel Legacy
38:22 Conscription
38:34 Forging
39:16 Siege Engineers
42:53 Iron Casting
Connection lost

Rejoining the realm…

Still unreachable

The connection could not be restored.

Session expired

The server has moved on; the page needs a fresh start.